 Dungeon Crawl Stone Soup version 0.25.1-2-g60ff931df9 (webtiles) character file.

Game seed: 17996410771285468024

12836 pokeman the Thaumaturge (level 11, -1/61 HPs)
             Began as a Deep Elf Wizard on Oct 4, 2020.
             Was an Elder of Vehumet.
             Slain by a white ugly thing (12 damage)
             ... on level 11 of the Dungeon on Oct 5, 2020.
             The game lasted 00:54:21 (17983 turns).

pokeman the Thaumaturge (Deep Elf Wizard)          Turns: 17983, Time: 00:54:22

Health: -1/61      AC:  7    Str:  4    XL:     11   Next: 67%
Magic:  19/31      EV: 12    Int: 27    God:    Vehumet [****..]
Gold:   690        SH:  0    Dex: 13    Spells: 26/38 levels left

rFire    . . .     SeeInvis .   S - +6 short sword of Xom's Pride {speed, rC+}
rCold    + . .     Gourm    .   (no shield)
rNeg     . . .     Faith    .   n - +0 leather armour
rPois    .         Spirit   .   H - +2 hat {MR+}
rElec    .         Reflect  .   j - scarf {repulsion}
rCorr    .         Harm     .   t - +0 pair of gloves
MR       ++...                  W - +0 pair of boots
Stlth    ++........             O - amulet of magic regeneration
HPRegen  0.20/turn              i - ring of wizardry
MPRegen  0.47/turn              u - ring of wizardry

@: repel missiles
A: no striking features
a: Renounce Religion


You were on level 11 of the Dungeon.
You worshipped Vehumet.
Vehumet was greatly pleased with you.
You were not hungry.

You visited 2 branches of the dungeon, and saw 12 of its levels.
You also visited: Ossuary.

You collected 911 gold pieces.
You spent 221 gold pieces at shops.

Inventory:

Hand Weapons
 y - the +0 trident "Sumiown" {vorpal, rF+}
   (You bought it in a shop on level 4 of the Dungeon)

   It inflicts extra damage upon your enemies.
   It protects you from fire.
 S - the +6 short sword of Xom's Pride (weapon) {speed, rC+}
   (You found it on level 8 of the Dungeon)

   Attacks with this weapon are significantly faster.
   It protects you from cold.
Missiles
 v - 94 bolts
Armour
 j - a scarf of repulsion (worn)
 n - a +0 leather armour (worn)
 t - a +0 pair of gloves (worn)
 H - a +2 hat of magic resistance (worn)
 I - a +0 kite shield
 W - a +0 pair of boots (worn)
Jewellery
 i - a ring of wizardry (left hand)
 u - a ring of wizardry (right hand)
 O - an amulet of magic regeneration (around neck)
Wands
 k - a wand of flame (13)
 R - a wand of acid (3)
 Z - a wand of iceblast (8)
Scrolls
 b - a scroll of blinking {unknown}
 c - 5 scrolls of remove curse
 e - 4 scrolls of teleportation {unknown}
 g - a scroll of identify
 q - 6 scrolls of amnesia {unknown}
 r - 4 scrolls of fog {unknown}
 s - 5 scrolls of enchant weapon {unknown}
 z - a scroll of vulnerability {unknown}
 B - a scroll of silence {unknown}
 C - a scroll of enchant armour {unknown}
 F - a scroll of noise {unknown}
 G - 2 scrolls of fear {unknown}
 J - 5 scrolls of random uselessness {unknown}
 K - a scroll of acquirement {unknown}
 L - 2 scrolls of immolation {unknown}
 N - a scroll of summoning {unknown}
 V - a scroll of magic mapping {unknown}
Potions
 h - a potion of ambrosia
 x - 2 potions of heal wounds
 A - a potion of haste
 D - a potion of magic
 E - 9 potions of curing
Miscellaneous
 a - a phial of floods
 U - 2 phantom mirrors
Comestibles
 d - 21 rations
 f - 6 chunks of flesh


   Skills:
 - Level 4.0 Fighting
 - Level 4.2 Armour
 - Level 3.0 Dodging
 - Level 3.2 Stealth
 + Level 0.6 Shields
 * Level 14.2 Spellcasting
 * Level 11.7 Conjurations
 - Level 1.1 Summonings
 - Level 1.1 Translocations
 + Level 7.9 Fire Magic
 - Level 1.0 Air Magic
 - Level 1.1 Poison Magic
 - Level 1.1 Evocations


You had 26 spell levels left.
You knew the following spells:

 Your Spells              Type           Power        Failure   Level  Hunger
a - Magic Dart            Conj           ####         1%          1    None
b - Mephitic Cloud        Conj/Pois/Air  #####...     1%          3    None
c - Call Imp              Summ           ####....     1%          2    None
d - Blink                 Tloc           N/A          1%          2    None
e - Conjure Flame         Conj/Fire      ######..     1%          3    None
f - Apportation           Tloc           ####..       1%          1    None

Your spell library contained the following spells:

 Spells                   Type           Power        Failure   Level  Hunger
 Lightning Bolt           Conj/Air       ######....   1%          5    #......
 Animate Skeleton         Necr           N/A          1%          1    None
 Corona                   Hex            ###....      1%          1    None
 Pain                     Necr           ###.         1%          1    None
 Summon Small Mammal      Summ           ####         1%          1    None
 Searing Ray              Conj           ######       1%          2    None
 Slow                     Hex            ###.....     1%          2    None
 Dazzling Flash           Conj/Hex       ######       1%          3    None
 Fulminant Prism          Conj/Hex       ######....   1%          4    None
 Iskenderun's Mystic Bla  Conj/Tloc      ######..     1%          4    None
 Call Canine Familiar     Summ           ####....     2%          3    None
 Summon Guardian Golem    Hex/Summ       ###.....     3%          3    None
 Vampiric Draining        Necr           ###.......   4%          3    None
 Conjure Ball Lightning   Conj/Air       ######....   6%          6    ####...
 Summon Lightning Spire   Summ/Air       ###.....     9%          4    None
 Summon Ice Beast         Ice/Summ       ###.....     11%         4    None
 Animate Dead             Necr           N/A          13%         4    None
 Silence                  Hex/Air        ###.......   26%         5    #......
 Agony                    Necr           ###.....     32%         5    #......
 Tornado                  Air            ###.......   100%        9    #######


Dungeon Overview and Level Annotations

Branches:
Dungeon (11/15)            Temple (1/1) D:6            Lair (0/6) D:9
Ossuary (visited)
    Orc: D:9-12

Altars:
Ashenzari
Dithmenos
Elyvilon
Gozag
Kikubaaqudgha
Nemelex Xobeh
Okawaru
Sif Muna
Trog
Uskayaw
Vehumet
Xom
Yredelemnul
Zin

Shops:
D:4 (


Message History

You are engulfed in noxious fumes.
The white ugly thing is engulfed in noxious fumes.
The white ugly thing barely misses you.
Unknown command.
The white ugly thing is engulfed in noxious fumes.
Unknown command.
Casting: Mephitic Cloud (safe; 1% risk of failure)
Confirm with . or Enter, or press ? or * to list all spells.
You blink.
The white ugly thing is engulfed in noxious fumes.
The white ugly thing appears confused.
Casting: Blink (safe; 1% risk of failure)
Confirm with . or Enter, or press ? or * to list all spells.
The fire begins to smolder!
Unknown command.
The white ugly thing smothers the flame.
The white ugly thing bites you!
* * * LOW HITPOINT WARNING * * *
The white ugly thing freezes you! You resist.
You die...

#§.#.########.#.......
##.#○......#....#.....
#○..#####.####.###÷#.
########..# #.# #.###.#.
#.........# #.# #.....#.
#####.######..# #.# #...#.#.
#........# ##.## #.# ##..#.##
#........## #.u# #.# #..#.#
#.........# #)@## #.#####..#.##
#.........####.(###........#...
#.........#....))..#.......####
#.........#.###.##.#.##########
#.........#......#.#.# #.....
#.........#.......)..# #.####
#.........#.####.#..######.#...
#########..<...(.>....#....#.##
################.#..#.#.#......


You could see a white ugly thing (confused).

Vanquished Creatures
  Josephine (D:10)
  Harold (D:10)
  2 two-headed ogres
  A kobold demonologist (D:8)
  Grinder (D:5)
  A hippogriff (D:8)
  A shadow (D:11)
  6 wraiths
  Eustachio (D:6)
  11 yaks
  A hungry ghost (D:8)
  Grum (D:10)
  Menkaure (D:6)
  Duvessa (D:4)
  2 ice beasts
  A hornet zombie (D:9)
  4 orc warriors
  An eye of draining (D:8)
  3 sky beasts
  A black bear (D:8)
  A phantom (D:9)
  2 wolves (D:10)
  4 ogres
  12 centaurs
  2 big kobolds
  A crocodile (D:11)
  8 bullfrogs
  A gnoll sergeant (D:7)
  2 wyvern zombies
  Dowan (D:4)
  3 scorpions
  A water moccasin skeleton (D:8)
  19 killer bees
  7 crimson imps
  A quasit (D:8)
  4 centaur zombies
  5 jellies
  5 orc priests
  4 hounds
  11 orc wizards
  4 bullfrog skeletons
  Jessica (D:2)
  6 iguanas
  5 worker ants
  A big kobold zombie (Ossuary)
  A hound skeleton (D:8)
  A hound zombie (D:11)
  4 mummies (Ossuary)
  2 worker ant zombies
  Robin (D:2)
  9 gnolls
  A howler monkey skeleton (D:8)
  10 adders
  4 shadow imps
  An ooze (D:3)
  2 adder zombies
  A worm (D:2)
  4 dart slugs
  8 leopard geckos
  46 orcs
  2 ball pythons
  2 bat zombies (D:1)
  10 giant cockroaches
  12 goblins
  10 hobgoblins
  13 jackals
  6 quokkas
  8 bats
  A frilled lizard (D:1)
  A gnoll zombie (Ossuary)
  A goblin zombie (Ossuary)
  3 hobgoblin zombies (Ossuary)
  17 kobolds
  2 leopard gecko skeletons
  A quokka skeleton (D:4)
  A quokka zombie (D:8)
  5 rats
343 creatures vanquished.

Vanquished Creatures (collateral kills)
  2 killer bees
  A gnoll (D:4)
  An adder (D:6)
  An orc (D:9)
5 creatures vanquished.

Vanquished Creatures (others)
  A queen bee (D:9)
  A killer bee (D:9)
  A gnoll (D:9)
3 creatures vanquished.

Grand Total: 351 creatures vanquished

Notes
Turn   | Place    | Note
-------+----------+-------------------------------------------
     0 | D:1      | pokeman the Deep Elf Wizard began the quest for the Orb.
     0 | D:1      | Reached XP level 1. HP: 10/10 MP: 7/7
   265 | D:1      | Reached XP level 2. HP: 16/16 MP: 5/9
   770 | D:1      | Reached skill level 5 in Spellcasting
  1064 | D:1      | Reached XP level 3. HP: 20/20 MP: 5/11
  1465 | D:2      | Found a faded altar of an unknown god.
  1516 | D:2      | Reached skill level 1 in Fighting
  1516 | D:2      | Reached skill level 1 in Armour
  1525 | D:2      | Learned a level 3 spell: Mephitic Cloud
  1528 | D:2      | Learned a level 2 spell: Call Imp
  1531 | D:2      | Learned a level 2 spell: Blink
  1535 | D:2      | Learned a level 3 spell: Conjure Flame
  1881 | D:2      | Reached XP level 4. HP: 25/25 MP: 10/13
  2044 | D:2      | Noticed Jessica
  2047 | D:2      | Killed Jessica
  2473 | D:2      | Noticed Robin
  2497 | D:2      | Killed Robin
  2497 | D:2      | Reached skill level 1 in Fire Magic
  2497 | D:2      | Reached skill level 1 in Air Magic
  2783 | D:2      | Reached XP level 5. HP: 29/29 MP: 11/15
  3066 | D:3      | Found an iron altar of Okawaru.
  3066 | D:3      | Found an opulent altar of Gozag.
  3072 | D:3      | Reached skill level 6 in Spellcasting
  3093 | D:3      | Found a hide-covered altar of Uskayaw.
  3095 | D:3      | Found a bloodstained altar of Trog.
  3097 | D:3      | Found a sparkling altar of Nemelex Xobeh.
  3562 | D:4      | Found Xawnudam's Antique Weapon Shop.
  3706 | D:4      | Reached skill level 1 in Poison Magic
  4293 | D:4      | Reached XP level 6. HP: 31/34 MP: 8/17
  4455 | D:5      | Entered Level 5 of the Dungeon
  4460 | D:5      | Noticed Dowan
  4460 | D:5      | Noticed Duvessa
  4630 | D:5      | Noticed an ice beast
  4659 | D:4      | Killed Dowan
  4667 | D:4      | Killed Duvessa
  4667 | D:4      | Reached skill level 7 in Spellcasting
  4857 | D:4      | Killed an ice beast
  4857 | D:4      | Reached XP level 7. HP: 15/38 MP: 8/19
  5347 | D:5      | Reached skill level 5 in Conjurations
  5543 | D:4      | Bought a warped trident for 221 gold pieces
  5544 | D:4      | Identified the cursed +0 trident "Sumiown" {vorpal, rF+}
                  | (You bought it in a shop on level 4 of the Dungeon)
  5601 | D:5      | Reached skill level 8 in Spellcasting
  6156 | D:5      | Noticed Grinder
  6169 | D:5      | Killed Grinder
  6169 | D:5      | Reached XP level 8. HP: 31/44 MP: 9/22
  6628 | D:6      | Noticed Eustachio
  6641 | D:6      | Killed Eustachio
  6654 | D:6      | Reached skill level 9 in Spellcasting
  7129 | D:6      | Noticed Menkaure
  7140 | D:6      | Killed Menkaure
  7362 | D:6      | Learned a level 1 spell: Apportation
  7559 | D:6      | Found a staircase to the Ecumenical Temple.
  7578 | Temple   | Entered the Ecumenical Temple
  7603 | Temple   | Became a worshipper of Vehumet
  8700 | D:7      | Reached skill level 10 in Spellcasting
  8700 | D:7      | Reached XP level 9. HP: 34/48 MP: 15/25
  8924 | D:7      | Reached * piety under Vehumet
  8924 | D:7      | Offered knowledge of Foxfire by Vehumet.
  9549 | D:8      | Found a sand-covered staircase.
  9554 | Ossuary  | Entered an ossuary
  9731 | Ossuary  | Reached ** piety under Vehumet
  9731 | Ossuary  | Offered knowledge of Freeze by Vehumet.
 10273 | D:8      | Reached skill level 5 in Fire Magic
 10380 | D:8      | Reached skill level 11 in Spellcasting
 10622 | D:8      | Reached skill level 1 in Evocations
 10795 | D:8      | Noticed a kobold demonologist
 10888 | D:8      | Noticed an orange demon
 10899 | D:8      | Killed a kobold demonologist
 10899 | D:8      | Offered knowledge of Inner Flame by Vehumet.
 10899 | D:8      | Reached XP level 10. HP: 54/54 MP: 14/27
 11030 | D:8      | Got a brightly glowing short sword
 11480 | D:8      | Found a shattered altar of Ashenzari.
 11848 | D:9      | Noticed a two-headed ogre
 11935 | D:9      | Reached *** piety under Vehumet
 11938 | D:9      | Reached skill level 12 in Spellcasting
 12163 | D:9      | Reached skill level 10 in Conjurations
 12180 | D:9      | Offered knowledge of Static Discharge by Vehumet.
 12611 | D:9      | Killed a two-headed ogre
 12801 | D:9      | Reached skill level 13 in Spellcasting
 12814 | D:9      | Found a staircase to the Lair.
 13083 | D:9      | Reached **** piety under Vehumet
 14011 | D:10     | Entered Level 10 of the Dungeon
 14100 | D:10     | Reached XP level 11. HP: 61/61 MP: 18/30
 14171 | D:10     | Offered knowledge of Lightning Bolt by Vehumet.
 14705 | D:10     | Noticed Grum
 14726 | D:10     | Killed Grum
 15235 | D:10     | Noticed a two-headed ogre
 15261 | D:10     | Killed a two-headed ogre
 15633 | D:11     | Noticed Josephine
 15847 | D:11     | Noticed Harold
 16424 | D:10     | Killed Josephine
 16663 | D:10     | Killed Harold
 16663 | D:10     | Reached skill level 14 in Spellcasting
 17038 | D:10     | Identified the +6 short sword of Xom's Pride {speed, rC+}
                  | (You found it on level 8 of the Dungeon)
 17614 | D:11     | Found a sparkling altar of Nemelex Xobeh.
 17963 | D:11     | Noticed a white ugly thing
 17983 | D:11     | Slain by a white ugly thing

Illustrated notes

Levels and vault maps discovered:
D:1:      saegor_arrival_fortress, layout_basic
D:2:      layout_loops_cross, serial_co_window_serial, co_window_corner_a,
          co_window_cross_1, co_window_paths_a, co_window_corner_a,
          co_window_corner_a, co_window_of_opportunity_a, co_window_corner_b,
          co_window_of_opportunity_b, co_window_of_opportunity_c, co_window_sun,
          glass_columns_a, glass_columns_a, glass_columns_c, glass_columns_a,
          glass_columns_b, chequers_ecumenical_altar_twisty, moated_statue,
          uniq_jessica, uniq_robin
D:3:      layout_rooms, chequers_temple_overflow_minitemple, first_ration
D:4:      layout_gridville, serial_shops, shop_fountains
D:5:      layout_layer_cave, nrook_campfire, serial_bayou_pond_a, uniq_grinder,
          uniq_duvessa
D:6:      minmay_chambers_of_fours, layout_loops_ring,
          minmay_temple_entry_offerings, minmay_between, uniq_eustachio,
          uniq_menkaure
D:7:      layout_rooms
D:8:      minmay_the_grid_triangle_9x9_rhombus_full
          [minmay_the_grid_triangle_9x9_flanged_cone,
          minmay_the_grid_triangle_9x9_intruding_spiral,
          minmay_the_grid_triangle_9x9_corruption,
          minmay_the_grid_triangle_9x9_from_above,
          minmay_the_grid_triangle_9x9_alien,
          minmay_the_grid_triangle_9x9_zippers_horizontal,
          minmay_the_grid_triangle_9x9_windchime,
          minmay_the_grid_triangle_9x9_prize_top_heavy], layout_rooms,
          nicolae_ashenzari_panopticon, nicolae_ossuary_entry_ruins
D:9:      layout_layer_cave, lair_entry_dummy, david_nohive_1,
          minmay_variable_closet, roderic_lattice_a, minmay_increasing_density
D:10:     layout_cave_pods, uniq_grum
D:11:     layout_basic, lemuel_altar_in_water, uniq_harold, uniq_josephine
Temple:   regret_index_temple_sphere_string

Skill      XL: |  1  2  3  4  5  6  7  8  9 10 11 |
---------------+----------------------------------+-----
Spellcasting   | 5 6 7 8 10 11 13 14 | 14.2
Fighting       | 1 2 4 |  4.0
Armour         | 1 2 3 4 |  4.2
Conjurations   | 2 3 4 5 7 9 10 11 | 11.7
Fire Magic     | 1 2 4 5 6 7 |  7.9
Air Magic      | 1 |  1.0
Poison Magic   | 1 |  1.1
Dodging        | 3 |  3.0
Stealth        | 3 |  3.2
Evocations     | 1 |  1.1
Shields        | |  0.6
Summonings     | |  1.1
Translocations | |  1.1

Action                   |  1- 3 |  4- 6 |  7- 9 | 10-12 || total
-------------------------+-------+-------+-------+-------++-------
Melee: Unarmed           |    14 |    15 |       |       ||    29
       Dagger            |       |     9 |       |       ||     9
       Short sword       |       |     1 |       |    19 ||    20
       Trident           |       |       |   135 |    94 ||   229
 Cast: Magic Dart        |    92 |   138 |   353 |   446 ||  1029
       Conjure Flame     |       |     6 |    22 |    47 ||    75
       Mephitic Cloud    |       |     5 |    28 |    67 ||   100
       Call Imp          |       |     5 |     1 |    16 ||    22
       Blink             |       |     1 |     2 |     9 ||    12
Evoke: Wand              |       |       |     6 |     7 ||    13
  Use: Scroll            |       |       |       |    13 ||    13
       Potion            |       |       |       |     1 ||     1
 Stab: Confused          |       |     2 |    16 |    11 ||    29
       Distracted        |       |       |     1 |       ||     1
       Sleeping          |       |       |     1 |       ||     1
  Eat: Chunk             |     3 |     9 |    18 |    12 ||    42
       Ration            |       |       |       |     3 ||     3
Armor: Robe              |    18 |       |       |       ||    18
       Leather armour    |     2 |    11 |    61 |    35 ||   109
Dodge: Dodged            |    52 |    33 |   158 |   151 ||   394
       Repelled          |     1 |       |     3 |    18 ||    22
